 Dungeon Crawl Stone Soup version 0.30-a0-576-g89cddaab80 (webtiles) character file.

Game seed: 16335142641786579223

75 cforsyth the Trooper (level 4, -6/41 HPs)
             Began as a Ghoul Monk on Dec 31, 2022.
             Mangled by a necrophage (7 damage)
             ... on level 6 of the Dungeon.
             The game lasted 00:02:51 (1849 turns).

cforsyth the Trooper (Ghoul Monk)                   Turns: 1849, Time: 00:02:51

Health: -6/41      AC:  4    Str: 16    XL:     4   Next: 31%
Magic:  3/3        EV: 12    Int:  5    God:
Gold:   71         SH:  0    Dex: 11    Spells: 3/3 levels left

rFire   . . .      SeeInvis .      - Unarmed
rCold   + . .      Faith    .    (no shield)
rNeg    + + +      Spirit   .    a - +0 robe
rPois   ∞          Reflect  .    n - +0 helmet
rElec   .          Harm     .    (no cloak)
rCorr   .          Rampage  .    (no gloves)
Will    .....                    j - +0 pair of boots
Stlth   ++                       (no amulet)
HPRegen 0.00/turn                (no ring)
MPRegen 0.08/turn                (no ring)

@: brilliant, flying, mesmerised, inhibited regen
A: claws 1, cold resistance 1, negative energy resistance 3, inhibited
regeneration, torment resistance 2, devour on kill
a: no special abilities


You were on level 6 of the Dungeon.
You visited 1 branch of the dungeon, and saw 4 of its levels.

You collected 71 gold pieces.

Inventory:

Armour
 a - a +0 robe (worn)
 j - a +0 pair of boots (worn)
 n - a +0 helmet (worn)
Scrolls
 c - 2 scrolls of identify {unknown}
 d - a scroll of poison {unknown}
 e - 2 scrolls of fog {unknown}
 l - a scroll of amnesia {unknown}
Potions
 b - 2 potions of ambrosia
 f - 2 potions of curing
 g - a potion of lignification
 h - a potion of heal wounds {unknown}
 k - a potion of mutation {unknown}
 m - 2 potions of brilliance


   Skills:
 + Level 4.5 Fighting
 - Level 2.6 Dodging
 - Level 2.1 Stealth
 + Level 4.5 Unarmed Combat


You had 3 spell levels left.
You didn't know any spells.
Your spell library was empty.

Dungeon Overview and Level Annotations

Branches:
Dungeon (3/15)

Altars:

Annotations:
D:6 Maggie


Innate Abilities, Weirdness & Mutations

You are immune to poison.
You have sharp fingernails.
Your flesh is cold resistant. (rC+)
You are immune to negative energy. (rN+++)
You do not regenerate when monsters are visible.
You are immune to unholy pain and torment.
You thrive by killing the living.


Message History

You hear the slow rusting of a drain very nearby.
The necrophage attacks as you move away!
The necrophage barely misses you.
The necrophage attacks as you move away!
The necrophage hits you.
The necrophage hits you but does no damage.
Maggie points at you and mumbles some strange words.
The bolt of fire hits you!!
Ouch! That really hurt!
* * * LOW HITPOINT WARNING * * *
The necrophage attacks as you move away!
The necrophage completely misses you.
Maggie gestures wildly while chanting.
Maggie attempts to bespell you!
You are mesmerised by Maggie!
You cannot move away from Maggie!
Unknown command.
You cannot move away from Maggie!
You cannot move away from Maggie!
It was a potion of curing.
You feel better. The necrophage hits you.
Maggie gives herself a magical halo, but it quickly sputters out.
You cannot move away from Maggie!
It was a potion of lignification.
You feel woody for a moment. The necrophage hits you.
Maggie casts a spell at you. The bolt of fire hits you!
* * * LOW HITPOINT WARNING * * *
You hear a shout!
It was a potion of brilliance.
You feel clever all of a sudden.
A rat comes into view.
An ogre comes into view. It is wielding a +0 giant club.
The necrophage barely misses you.
Maggie casts a spell.
Maggie draws you further into her thrall.
A rat comes into view.
It was a potion of flight.
You feel very buoyant.
You fly up into the air.
The necrophage hits you!
You die...

#$# ... ## #..###
#######~~ .....#
####+#......~r ..?..##
#$...........r ......###
#.............
......@.###.............
.........##...@.@.......
................n#######
#####....O.#.........#
#......#.........#
#......#.........#
#....#......#.>###
#####....#...###....
#........#...###.....
#..............#......


You could see Maggie (mesmerising), an ogre, a necrophage and 2 rats.

Vanquished Creatures
  2 adders
  2 dart slugs
  4 orcs
  3 bats (D:1)
  An endoplasm (D:1)
  5 giant cockroaches (D:1)
  4 goblins
  7 hobgoblins
  2 kobolds
  4 quokkas
  7 ball pythons
  A frilled lizard (D:1)
42 creatures vanquished.

Notes
Turn   | Place    | Note
-------+----------+-------------------------------------------
     0 | D:1      | cforsyth the Ghoul Monk began the quest for the Orb.
     0 | D:1      | Reached XP level 1. HP: 19/19 MP: 0/0
   115 | D:1      | Reached XP level 2. HP: 10/26 MP: 1/1
   600 | D:1      | Reached XP level 3. HP: 26/33 MP: 2/2
   820 | D:1      | Found a faded altar of an unknown god.
  1504 | D:3      | Reached XP level 4. HP: 33/41 MP: 3/3
  1791 | D:3      | You fall into a shaft and drop 3 floors!
  1815 | D:6      | Noticed a necrophage
  1828 | D:6      | Noticed Maggie
  1847 | D:6      | HP: 1/41 [Maggie/bolt of fire (12)]
  1848 | D:6      | Noticed an ogre
  1849 | D:6      | Mangled by a necrophage

Illustrated notes

Levels and vault maps discovered:
D:1:      matt_arrival_grand_opening, layout_basic,
          ebering_ecumenical_altar_petrified, kennysheep_small_spiral,
          minivault_25, amcnicky_mini_corridor_feature, nrook_uturn
D:2:      layout_rooms, grunt_ministairs_11
D:3:      layout_loops_cross, mainiacjoe_overflow_alcove_1, minmay_snake_closets
D:6:      layout_basic, lemuel_crystal_altar, portal_sewer_entry_b,
          uniq_crazy_yiuf_cottage, uniq_edmund, uniq_maggie

Skill      XL: |  1  2  3 |
---------------+----------+-----
Fighting       | 4 |  4.5
Unarmed Combat | 4 |  4.5
Dodging        | |  2.6
Stealth        | |  2.1

Action                   |  1- 3 |  4- 6 || total
-------------------------+-------+-------++-------
Melee: Unarmed           |   108 |    27 ||   135
       Punch             |     3 |     1 ||     4
  Use: Potion            |       |     4 ||     4
 Stab: Sleeping          |     6 |     2 ||     8
Armor: Robe              |    25 |     9 ||    34
Dodge: Dodged            |    83 |    18 ||   101

Table legend: (Time is in decaauts)
 A = Elapsed time spent in this place.
 B = Non-inter-level travel time spent in this place.
 C = Inter-level travel time spent in this place.
 D = Time resting spent in this place.
 E = Time spent auto-exploring this place.
 F = Levels seen in this place.
 G = Mean time per level.
                   A        B        C        D        E       F      G
               +--------+--------+--------+--------+--------+-----+--------+
         Total |   1840 |   1792 |     48 |      6 |   1373 |   4 |  460.0 |
       Dungeon |   1840 |   1792 |     48 |      6 |   1373 |   4 |  460.0 |
               +--------+--------+--------+--------+--------+-----+--------+

Top non-repeatable levels by time:
     D:1: 951 daAuts
     D:3: 426 daAuts
     D:2: 405 daAuts
     D:6: 57 daAuts
